 Dungeon Crawl Stone Soup version 0.30-b1-2-g02819fbbbe (webtiles) character file.

Game seed: 17930542853173388321

564 MajorAdolf the Covert (level 7, 0/57 HPs)
             Began as a Naga Wanderer on Sept 17, 2023.
             Was an Initiate of Ashenzari.
             Slain by a black bear (4 damage)
             ... on level 5 of the Dungeon.
             The game lasted 00:10:26 (5177 turns).

MajorAdolf the Covert (Naga Wanderer)               Turns: 5177, Time: 00:10:27

Health: 0/57       AC:  7    Str: 13    XL:     7   Next: 32%
Magic:  8/8        EV:  9    Int: 14    God:    Ashenzari [......]
Gold:   164        SH:  0    Dex: 12    Spells: 8/8 levels left

rFire   . . .        C - +0 dagger (pain)
rCold   . . .        (no shield)
rNeg    . . .        c - +2 animal skin
rPois   +            e - +0 helmet
rElec   .            d - +0 cloak of the Profound Negation {Evo, Comp} (curse)
rCorr   .            (no gloves)
SInv    +            (no barding)
Will    .....        (no amulet)
Stlth   +++++        (no ring)
HPRegen 0.29/turn    (no ring)
MPRegen 0.11/turn

%: no passive effects
@: short of breath, very slow
A: AC +2, large, see invisible, deformed body, poison resistance, slowness 2,
spit poison 1, naga tail 1
a: Spit Poison, Renounce Religion, Shatter the Chains


You were on level 5 of the Dungeon.
You worshipped Ashenzari.
Ashenzari was noncommittal.
You visited 1 branch of the dungeon, and saw 5 of its levels.

You collected 164 gold pieces.

Inventory:

Hand Weapons
 f - a +0 dagger
 C - a +0 dagger of pain (weapon)
Armour
 c - a +2 animal skin (worn)
 d - the cursed +0 cloak of the Profound Negation (worn) {Evo, Comp}

   It has a curse which improves the following skills: Evocations: Evocations.
   Companions: Summonings and Necromancy.
 e - a +0 helmet (worn)
 j - a +0 robe
Magical Staves
 a - a staff of poison
Wands
 n - a wand of charming (16)
 t - a wand of iceblast (17)
 A - a wand of flame (22)
Scrolls
 b - a scroll of silence
 g - 7 scrolls of identify {unknown}
 h - 2 scrolls of enchant armour {unknown}
 i - 4 scrolls of teleportation {unknown}
 k - a scroll of poison {unknown}
 l - 2 scrolls of fog {unknown}
 m - a scroll of amnesia {unknown}
 o - a scroll of noise {unknown}
 p - a scroll of torment {unknown}
 u - a scroll of immolation {unknown}
 v - a scroll of vulnerability {unknown}
 x - a scroll of fear {unknown}
 y - a scroll of acquirement {unknown}
Potions
 q - a potion of brilliance {unknown}
 r - a potion of mutation {unknown}
 s - 3 potions of might {unknown}
 w - 2 potions of invisibility {unknown}
 z - 2 potions of cancellation {unknown}
 B - a potion of magic {unknown}


   Skills:
 - Level 1.0 Fighting
 - Level 1.0 Dodging
 + Level 11.8 Stealth
 - Level 1.0 Spellcasting
 - Level 2.0(2.3) Summonings
 + Level 0.1 Necromancy
 - Level 3.0 Translocations
 + Level 1.3(1.6) Evocations


You had 8 spell levels left.
You didn't know any spells.
Your spell library contained the following spells:

 Spells                   Type           Power      Damage    Failure   Level
 Apportation              Tloc           18%        N/A       8%          1
 Summon Small Mammal      Summ           28%        N/A       11%         1
 Call Canine Familiar     Summ           7%         N/A       30%         3
 Vhi's Electric Charge    Tloc/Air       8%         N/A       38%         3
 Passage of Golubria      Tloc           9%         N/A       58%         4
 Cause Fear               Hex            0%         N/A       95%         4
 Dragon Form              Tmut           0%         N/A       100%        7
 Dragon's Call            Summ           3%         N/A       100%        9


Dungeon Overview and Level Annotations

Branches:
Dungeon (5/15)
 Temple: D:4-7

Altars:
Ashenzari
Dithmenos
Kikubaaqudgha
Trog
Wu Jian
Yredelemnul

Shops:
D:1 :

Annotations:
D:4 1 runed translucent door, exclusions: hobgoblin, hornet and phantom, Crazy Yiuf


Innate Abilities, Weirdness & Mutations

Your serpentine skin is tough. (AC +2)
You have supernaturally acute eyesight. (SInv)
Armour fits poorly on your strangely shaped body.
Your system is resistant to poisons. (rPois)
You cover ground very slowly.
You can spit poison.
You have a snake-like lower body.


Message History

The black bear closely misses you. The black bear bites you.
The black bear claws you but does no damage. x2
You are too injured to fight recklessly!
You can't do that yet.
You are too injured to fight recklessly!
You are too injured to fight recklessly!
Okay, then.
The black bear attacks as you move away!
The black bear barely misses you. x2
The black bear claws you but does no damage.
The black bear bites you. The black bear claws you.
The black bear claws you but does no damage.
Okay, then.
The black bear attacks as you move away!
The black bear barely misses you. The black bear claws you. x2
You have got your breath back.
The black bear looks more healthy.
The black bear bites you but does no damage.
The black bear claws you.
* * * LOW HITPOINT WARNING * * *
The black bear misses you.
Aiming: Spit Poison (1% risk of failure)
Press: ? - help, Shift-Dir - straight line, f/p - black bear
Aim: a black bear (severely wounded, berserk, 70% to hit)
The splash of poison misses the black bear.
The black bear bites you but does no damage.
The black bear claws you.
* * * LOW HITPOINT WARNING * * *
The black bear barely misses you. The black bear bites you.
* * * LOW HITPOINT WARNING * * *
The black bear claws you.
* * * LOW HITPOINT WARNING * * *
The black bear claws you.
* * * LOW HITPOINT WARNING * * *
Okay, then.
Aiming: Iceblast
Press: ? - help, Shift-Dir - straight line, p - black bear
Okay, then.
The black bear bites you.
You die...

#.# #.#.##
###.###....########
......#...........#
>##.#.#....######.#
.##.#....<.# #.#
.##.#......# ####.#
.##........# #....#
.######..#.###.#..###
.# #..#.##...@h..# .#
#.......#####.....#
## ##+#.#####.
#####.# ##....'....._
##.....#####..
##..........#
###.........#..
..+.........'..
###.........###


You could see a black bear (berserk).

Vanquished Creatures
  4 scorpions (D:4)
  A hound (D:5)
  Jessica (D:2)
  2 orc wizards (D:5)
  Robin (D:1)
  10 adders
  A white imp (D:5)
  A worm (D:3)
  3 dart slugs
  8 orcs
  9 endoplasms
  3 giant cockroaches
  16 goblins
  10 hobgoblins
  5 jackals
  2 quokkas
  9 ball pythons
  7 bats
  7 frilled lizards
  4 kobolds
  7 rats
111 creatures vanquished.

Notes
Turn   | Place    | Note
-------+----------+-------------------------------------------
     0 | D:1      | MajorAdolf the Naga Wanderer began the quest for the Orb.
     0 | D:1      | MajorAdolf set off with the following items: a +0 club, a
                  | scroll of silence, a +0 leather armour, a +0 cloak; and the
                  | following spells available to memorise: Apportation, Summon
                  | Small Mammal, Call Canine Familiar, Vhi's Electric Charge,
                  | Passage of Golubria.
     0 | D:1      | Reached XP level 1. HP: 18/18 MP: 2/2
   288 | D:1      | Reached skill level 4 in Stealth
   325 | D:1      | Reached XP level 2. HP: 25/25 MP: 3/3
   532 | D:1      | Found Piazya's Book Shop.
   601 | D:1      | Reached skill level 5 in Stealth
   751 | D:1      | Reached XP level 3. HP: 31/31 MP: 4/4
  1204 | D:1      | Reached skill level 6 in Stealth
  1336 | D:2      | Noticed Robin
  1421 | D:1      | HP: 1/31 [Robin/+0 club (3)]
  1427 | D:1      | Killed Robin
  1428 | D:1      | Reached XP level 4. HP: 9/38 MP: 5/5
  2049 | D:2      | Reached skill level 7 in Stealth
  2051 | D:2      | Found a faded altar of an unknown god.
  2279 | D:2      | Noticed Jessica
  2283 | D:2      | Killed Jessica
  2284 | D:2      | Reached skill level 8 in Stealth
  2284 | D:2      | Reached XP level 5. HP: 44/44 MP: 6/6
  2577 | D:3      | Found a bloodstained altar of Trog.
  2875 | D:4      | Reached skill level 9 in Stealth
  3040 | D:4      | Reached XP level 6. HP: 51/51 MP: 7/7
  3052 | D:4      | Noticed a hornet
  3112 | D:4      | Reached skill level 10 in Stealth
  3488 | D:3      | Found a broken altar of Ashenzari.
  3509 | D:3      | Became a worshipper of Ashenzari the Shackled
  3950 | D:3      | Found an ornate altar of the Wu Jian Council.
  4106 | D:4      | Found a runed translucent door.
  4107 | D:4      | Noticed Crazy Yiuf
  4178 | D:4      | Found a basalt altar of Yredelemnul.
  4283 | D:4      | Found a shadowy altar of Dithmenos.
  4432 | D:4      | Noticed an ice beast
  4481 | D:5      | Entered Level 5 of the Dungeon
  4488 | D:4      | Reached skill level 11 in Stealth
  4508 | D:4      | Reached XP level 7. HP: 47/57 MP: 8/8
  4991 | D:5      | Reached skill level 1 in Evocations
  5126 | D:5      | Found an ancient bone altar of Kikubaaqudgha.
  5177 | D:5      | Slain by a black bear

Illustrated notes

Levels and vault maps discovered:
D:1:      lemuel_arrival_lava_pool, layout_rooms, serial_shops, shop,
          serial_bayou_pond_b, chequers_serial_rivers_large_a
D:2:      layout_loops_cross, chequers_ecumenical_altar_simple_redux,
          minmay_domino_2, uniq_jessica, uniq_robin
D:3:      layout_basic, ashenzari_altar_1, mainiacjoe_overflow_paths,
          pdpol_wu_jian_five_deadly_venoms, kennysheep_small_spiral,
          kennysheep_generic_room_10
D:4:      layout_loops_ring, xom_confusion_cloud, kennysheep_mini,
          lemuel_doored_altar, uniq_crazy_yiuf_cottage
D:5:      layout_loops_corners, cheibrodos_worm_habitat,
          mainiacjoe_overflow_surrounded_room, uniq_blork_the_orc, uniq_sigmund

Skill      XL: |  1  2  3  4  5  6  7 |
---------------+----------------------+-----
Stealth        | 4 5 6 8 9 11 | 11.8
Evocations     | 1 |  1.3
Fighting       | |  1.0
Dodging        | |  1.0
Spellcasting   | |  1.0
Summonings     | |  2.0
Necromancy     | |  0.1
Translocations | |  3.0

Action                     |  1- 3 |  4- 6 |  7- 9 || total
---------------------------+-------+-------+-------++-------
  Melee: Dagger            |    77 |   111 |    67 ||   255
         Club              |     1 |       |       ||     1
         Punch             |       |     1 |     3 ||     4
 Invoke: Curse Item        |       |       |     1 ||     1
Ability: Spit Poison       |    49 |    64 |    17 ||   130
    Use: Potion            |     2 |       |       ||     2
   Stab: Sleeping          |     2 |     1 |       ||     3
 Armour: Robe              |    47 |       |       ||    47
         Animal skin       |       |    72 |    47 ||   119
  Dodge: Dodged            |    71 |    75 |    37 ||   183
